 Dungeon Crawl Stone Soup version 0.23.1-37-gaa34b87 (webtiles) character file.

Game seed: 15339005596210838923

851 Irenicus the Geomancer (level 7, 0/55 HPs)
             Began as a Deep Dwarf Earth Elementalist on Mar 22, 2019.
             Was an Initiate of Gozag.
             Slain by an orc priest (3 damage)
             ... on level 5 of the Dungeon.
             The game lasted 00:15:06 (1749 turns).

Irenicus the Geomancer (DDEE)                       Turns: 1749, Time: 00:15:07

Health: 0/55       AC:  1    Str: 11 (12) XL:     7   Next: 69%
Magic:  3/20 (11)  EV: 12    Int: 18 (19) God:    Gozag
Gold:   269        SH:  0    Dex: 11 (13) Spells: 6/12 levels left

rFire    . . .     SeeInvis .   q - +8 whip "Peorr" {venom, rC- MR++ MP+9 Stlth+}
rCold    x . .     Gourm    .   (no shield)
rNeg     . . .     Faith    .   h - +0 leather armour
rPois    .         Spirit   .   (no helmet)
rElec    .         Reflect  .   (no cloak)
rCorr    .         Harm     .   (no gloves)
MR       +++..                  (no boots)
Stlth    +++.......             (no amulet)
HPRegen  0.00/turn              (no ring)
MPRegen  0.17/turn              (no ring)

@: very slightly contaminated, non-regenerating
A: damage resistance, heal wounds, clever 1, deformed body, sense surroundings
1, no regeneration
a: Heal Wounds, Potion Petition, Call Merchant, Bribe Branch, Renounce Religion


You were on level 5 of the Dungeon.
You worshipped Gozag.
Gozag was aware of your devotion.
You were not hungry.

You visited 1 branch of the dungeon, and saw 5 of its levels.

You collected 570 gold pieces.
You paid 301 gold pieces to Gozag.

Inventory:

Hand Weapons
 f - a +2 dagger of flaming
   (You took it off a goblin on level 1 of the Dungeon)
 o - a +2 dagger of distortion {!w}
   (You took it off a kobold on level 3 of the Dungeon)
 q - the +8 whip "Peorr" (weapon) {venom, rC- MR++ MP+9 Stlth+}
   (You took it off a big kobold on level 3 of the Dungeon)

   It poisons the flesh of those it strikes.
   It makes you vulnerable to cold.
   It affects your resistance to hostile enchantments.
   It affects your magic capacity (+9).
   It makes you more stealthy.
Missiles
 m - 5 curare-tipped needles
Armour
 h - a +0 leather armour (worn)
   (You found it on level 1 of the Dungeon)
Wands
 p - a wand of paralysis (6)
   (You took it off a kobold on level 3 of the Dungeon)
Potions
 c - a potion of haste
 g - a potion of curing
 i - a potion of lignification {!q}
Comestibles
 d - 3 rations


   Skills:
 - Level 2.1 Dodging
 - Level 2.4 Stealth
 - Level 3.0 Spellcasting
 - Level 0.8 Transmutations
 + Level 11.2 Earth Magic


You had 6 spell levels left.
You knew the following spells:

 Your Spells              Type           Power        Failure   Level  Hunger
a - Sandblast             Erth           #####.       1%          1    None
w - Passwall              Tmut/Erth      ###.....     2%          2    ##.....
x - Stone Arrow           Conj/Erth      ###...       6%          3    ###....

Your spell library contained the following spells:

 Spells                   Type           Power        Failure   Level  Hunger
 Lee's Rapid Deconstruct  Erth           #####.....   6%          5    ######.
 Petrify                  Tmut/Erth      ###.....     19%         4    ####...


Dungeon Overview and Level Annotations

Branches:
Dungeon (5/15)             Temple (0/1) D:5

Altars:
Gozag
Hepliaklqana
Kikubaaqudgha
Vehumet


Innate Abilities, Weirdness & Mutations

You are resistant to damage.
You can heal yourself by infusing magical energy.
You passively map a small area around you.
You do not regenerate.
Your mind is acute. (Int +2)
Armour fits poorly on your strangely shaped body.


Message History

You feel weakened.
You feel dopey.
You feel clumsy. [a] - 546 gold - might, agility, resistance and invisibility [b] - 260 gold - haste and flight [c] - 325 gold - resistance and flight Purchase which effect?
You don't have enough gold for that! [a] - 546 gold - might, agility, resistance and invisibility [b] - 260 gold - haste and flight [c] - 325 gold - resistance and flight Purchase which effect?
You no longer have enough gold to petition Gozag for potion effects.
You feel yourself speed up.
You feel very buoyant.
You fly up into the air.
The orc hits you but does no damage.
You barely miss the orc. The orc hits you.
* * * LOW HITPOINT WARNING * * *
You take 1 damage, and have 1/55 hp.
You closely miss the orc. The orc hits you but does no damage.
Okay, then.
Okay, then.
You hit the orc.
The orc is poisoned.
You completely miss the orc.
An orc comes into view. It is wielding a +0 club.
You hit the orc but do no damage.
The orc looks as sick as possible!
You kill the orc!
You hit the orc. The orc closely misses you.
You hit the orc.
You kill the orc!
You barely miss the orc. You barely miss the orc. The orc closely misses you.
You barely miss the orc. You hit the orc. The orc barely misses you.
You whack the orc!
You kill the orc!
You now have 233 gold pieces (gained 6).
You see here a +0 club.
You now have 246 gold pieces (gained 13).
Things that are here:
a cursed -2 hand axe; a +0 leather armour; a +0 ring mail You now have 252 gold pieces (gained 6).
Things that are here:
a +0 dagger; a +0 robe You now have 261 gold pieces (gained 9).
You see here a +0 dagger.
Found a stone staircase leading up.
An orc comes into view.
The orc moves out of view.
Found an escape hatch in the floor.
You are starting to lose your buoyancy.
Your extra speed is starting to run out.
A rock wall.
You begin to meditate on the wall.
You continue meditating on the rock. x2
You finish merging with the rock.
You now have 4/20 mp.
The orc shouts!
You float gracefully downwards.
Aim: an orc The stone arrow hits the orc!
You kill the orc!
You are near starving!
You now have 2/20 mp.
You feel yourself slow down.
A centaur skeleton comes into view.
You now have 269 gold pieces (gained 8).
A rock wall.
You miscast Passwall.
You are very lightly contaminated with residual magic.
Nothing appears to happen.
You now have 2/20 mp.
Unknown command.
You eat one of the 4 rations.
That ration really hit the spot!
A rock wall.
You begin to meditate on the wall.
You continue meditating on the rock. x2
You finish merging with the rock.
An orc priest comes into view.
You now have 1/20 mp.
An adder zombie comes into view.
The orc priest shouts!
You feel better. The orc priest hits you.
You regained 11 hp, and now have 12/55 hp.
Your leather armour prevents you from hitting the orc priest.
The orc priest closely misses you.
You barely miss the orc priest. The orc priest hits you.
You hit the orc priest but do no damage.
The orc priest is poisoned.
The orc priest closely misses you.
You hit the orc priest but do no damage.
The orc priest looks as sick as possible!
The adder zombie bites you.
The orc priest calls down the wrath of Beogh upon you.
Beogh smites you!
* * * LOW HITPOINT WARNING * * *
You take 9 damage, and have 3/55 hp.
You hit the adder zombie. The adder zombie misses you.
The adder zombie closely misses you.
You completely miss the orc priest.
The orc priest begins to cast a cantrip, but forgets the words!
The adder zombie bites you but does no damage.
The orc priest hits you.
You die...
Your body crumbles into a pile of gold.

, ..Z..........# ,
############.# * * ####.#
, $, ..#.######### *
###.#.........# *
#...#########.#
#####.....>...# #.#
###.............# #.# *
#.$.#!.#@.#..#..###.###
#.#..#.Z#o.#..#....<..# ,
...#..#..#..#...###.#.# ,
....#..#..#..#..# #.#)#
..#$.#..#..#..#.# #.#)# *
*#...............#*#.#.###
,
###..............,..#.).)
, ,
,..#############*#.#####
### #.#


You could see an orc priest and an adder zombie.

Vanquished Creatures
  The ghost of DungeonDestroyer the Charmwright, an amateur GnSk (D:3)
  An ice beast (D:5)
  3 big kobolds (D:3)
  A wyvern skeleton (D:2)
  2 hounds
  3 orc wizards
  3 worker ants (D:4)
  A worker ant zombie (D:5)
  3 gnolls (D:4)
  4 adders (D:3)
  2 oozes
  3 adder skeletons (D:4)
  A worm (D:3)
  6 leopard geckos
  20 orcs
  3 bats
  2 giant cockroaches
  4 goblins
  3 hobgoblins (D:1)
  7 jackals (D:1)
  A quokka (D:4)
  4 ball pythons
  3 frilled lizards
  13 kobolds
  3 rats
97 creatures vanquished.

Notes
Turn   | Place    | Note
-------+----------+-------------------------------------------
     0 | D:1      | Irenicus the Deep Dwarf Earth Elementalist began the quest
                  | for the Orb.
     0 | D:1      | Reached XP level 1. HP: 15/15 MP: 3/3
    38 | D:1      | Reached skill level 2 in Spellcasting
    86 | D:1      | Reached XP level 2. HP: 22/22 MP: 0/5
   130 | D:1      | Learned a level 2 spell: Passwall
   419 | D:1      | Reached XP level 3. HP: 14/28 MP: 0/6
   452 | D:2      | Reached skill level 3 in Spellcasting
   452 | D:2      | Reached skill level 5 in Earth Magic
   452 | D:2      | Reached XP level 4. HP: 18/36 MP: 0/8
   467 | D:2      | You fall through a shaft!
   503 | D:3      | Found a hazy altar of Hepliaklqana.
   503 | D:3      | Found an opulent altar of Gozag.
   503 | D:3      | Found an ancient bone altar of Kikubaaqudgha.
   535 | D:3      | Became a worshipper of Gozag Ym Sagoz the Greedy
   566 | D:3      | Reached skill level 6 in Earth Magic
   589 | D:3      | You fall through a shaft!
   652 | D:4      | Reached XP level 5. HP: 18/42 MP: 3/9
   701 | D:4      | Reached skill level 7 in Earth Magic
   724 | D:4      | Noticed a phantom
   890 | D:3      | Found a faded altar of an unknown god.
  1093 | D:3      | Found a runed translucent gate.
  1093 | D:3      | Found a runed translucent gate.
  1093 | D:3      | Found a runed translucent gate.
  1093 | D:3      | Noticed DungeonDestroyer's ghost (amateur GnSk)
  1093 | D:3      | Identified the +8 whip "Peorr" {venom, rC- MR++ MP+9
                  | Stlth+}
  1112 | D:3      | Killed DungeonDestroyer's ghost
  1112 | D:3      | Reached skill level 8 in Earth Magic
  1112 | D:3      | Reached XP level 6. HP: 39/49 MP: 4/10
  1129 | D:3      | Reached skill level 9 in Earth Magic
  1142 | D:3      | Reached XP level 7. HP: 19/55 MP: 0/11
  1281 | D:4      | HP: 10/55 [gnoll/+0 spear (5)]
  1299 | D:4      | Reached skill level 10 in Earth Magic
  1344 | D:4      | HP: 9/55 [orc wizard/+0 dagger (1)]
  1356 | D:4      | Learned a level 3 spell: Stone Arrow
  1416 | D:4      | HP: 7/55 [worker ant (2)]
  1488 | D:5      | Entered Level 5 of the Dungeon
  1503 | D:5      | Gained mutation: Armour fits poorly on your strangely
                  | shaped body. [potion of mutation]
  1503 | D:5      | Gained mutation: Your mind is acute. (Int +2) [potion of
                  | mutation]
  1581 | D:5      | Found a staircase to the Ecumenical Temple.
  1595 | D:5      | HP: 5/55 [hound (2)]
  1598 | D:5      | HP: 2/55 [hound (3)]
  1634 | D:5      | Reached skill level 11 in Earth Magic
  1640 | D:5      | Found a radiant altar of Vehumet.
  1671 | D:5      | HP: 1/55 [orc (1)]
  1746 | D:5      | HP: 3/55 [orc priest/divine providence (9)]
  1749 | D:5      | Slain by an orc priest

Skill      XL: |  1  2  3  4  5  6  7 |
---------------+----------------------+-----
Spellcasting   | 2 3 |  3.0
Earth Magic    | 5 6 8 9 11 | 11.2
Dodging        | |  2.1
Stealth        | |  2.4
Transmutations | |  0.8

Action                   |  1- 3 |  4- 6 |  7- 9 || total
-------------------------+-------+-------+-------++-------
Melee: Dagger            |    34 |    39 |     6 ||    79
       Whip              |       |       |    39 ||    39
 Cast: Sandblast         |    23 |    53 |    18 ||    94
       Passwall          |     1 |     4 |     4 ||     9
       Stone Arrow       |       |       |    14 ||    14
Invok: Potion Petition   |       |     1 |     1 ||     2
  Use: Potion            |       |     1 |     5 ||     6
       Scroll            |       |       |     5 ||     5
 Stab: Sleeping          |     3 |     2 |     3 ||     8
  Eat: Ration            |       |       |     2 ||     2
Armor: Robe              |     5 |       |       ||     5
       Leather armour    |     3 |    10 |    11 ||    24
       Skin              |       |       |     1 ||     1
Dodge: Dodged            |    51 |    39 |    22 ||   112

Levels and vault maps discovered:
D:1:      saegor_arrival_miasma, layout_loops_cross
D:2:      layout_rooms, grunt_ministairs_12, uniq_robin, uniq_natasha
D:3:      layout_loops_ring, gammafunk_temple_overflow_claw,
          gammafunk_ghost_nasty_kobolds, first_ration,
          chequers_ecumenical_altar_simple_redux
D:4:      layout_basic
D:5:      layout_loops_ring, grunt_temple_overflow_open, vehumet_crystals,
          minmay_temple_entry_waves, serial_shops, shop,
          minmay_misc_feat_diagonals, uniq_ijyb

Table legend:
 A = Turns spent in this place as a percentage of turns spent in the entire game.
 B = Non-inter-level travel turns spent in this place as a percentage of non-inter-level travel turns spent in the entire game.
 C = Inter-level travel turns spent in this place as a percentage of turns spent in this place.
 D = Turns resting spent in this place as a percentage of non-inter-level travel turns spent in this place.
 E = Turns spent auto-exploring this place as a percentage of non-inter-level travel turns spent in this place.
 F = Non-inter-level travel turns spent in this place divided by the number of levels of this place that you've seen.
                   A       B       C       D       E      F
               +-------+-------+-------+-------+-------+----------------------
         Total | 100.0 | 100.0 |   0.0 |   1.9 |   0.0 | 349.8
       Dungeon | 100.0 | 100.0 |   0.0 |   1.9 |   0.0 | 349.8
               +-------+-------+-------+-------+-------+----------------------

Table legend:
 A = Kills in this place as a percentage of kills in entire the game.
 B = Kills by you in this place as a percentage of kills by you in the entire game.
 C = Kills by friends in this place as a percentage of kills by friends in the entire game.
 D = Other kills in this place as a percentage of other kills in the entire game.
 E = Experience gained in this place as a percentage of experience gained in the entire game.
 F = Experience gained in this place divided by the number of levels of this place that you have seen.
                   A       B       C       D       E      F
               +-------+-------+-------+-------+-------+----------------------
         Total | 100.0 | 100.0 |   N/A |   N/A | 100.0 | 243.4
       Dungeon | 100.0 | 100.0 |   N/A |   N/A | 100.0 | 243.4
               +-------+-------+-------+-------+-------+----------------------
